AoeStats
← Husánia

Socotra

506092505Analyzed
2v2 RM · 21d ago on Sep 12, 2026· 49m 23s· 4 players
Game mode
Random Map
Map size
Tiny (2 player)
Population
200
Speed
Normal
Resources
Standard
Victory
Conquest
Starting age
Dark Age
Ending age
Imperial Age
RankedLock teamsTeams togetherTeam positionsShared explorationLock speedFull tech treeHidden civsTurbo modeCheats
Victory
Defeat
🇬🇧 Armenians · United Kingdom
821
+15
🇫🇷 Teutons · France
779
+16
🇭🇺 Magyars · Hungary
803
-16
🇭🇺 Japanese · Hungary
778
-15
mateo.toscana
5:09 Loom
11:38 Feudal Age
12:31 Loom
15:58 Wheelbarrow
15:13 Double-Bit Axe
15:46 Horse Collar
23:22 Castle Age
21:47 Fletching
21:59 Scale Mail Armor
22:08 Stone Mining
23:15 Forging
23:24 Gold Mining
28:02 Iron Casting
26:50 Pikeman
29:20 Bow Saw
32:07 Hand Cart
33:17 Heavy Plow
34:40 Stone Shaft Mining
34:42 Squires
38:28 Imperial Age
38:32 Capped Ram
40:20 Chemistry
39:41 Ballistics
39:45 Bloodlines
40:10 Padded Archer Armor
40:08 Bodkin Arrow
40:29 Elite Skirmisher
41:04 Arrowslits
45:55 Two-Man Saw
45:50 Padded Archer Armor
46:48 Crop Rotation
47:13 Conscription
46:30 Cavalier
47:25 Scale Barding Armor
48:14 Halberdier
DdoubleM
6:34 Loom
10:04 Feudal Age
10:10 Man-at-Arms
11:18 Double-Bit Axe
13:02 Arson
13:30 Long Swordsman
22:17 Wheelbarrow
27:10 Castle Age
25:14 Scale Mail Armor
27:47 Forging
27:14 Two-Handed Swordsman
28:41 Chain Mail Armor
29:35 Pikeman
42:04 Fletching
44:54 Halberdier
48:01 Bow Saw
47:43 Gold Mining
47:48 Horse Collar
Mathman
5:25 Loom
7:32 Loom
9:18 Feudal Age
7:35 Loom
9:55 Double-Bit Axe
11:37 Town Watch
23:02 Castle Age
21:58 Bloodlines
22:09 Scale Barding Armor
21:58 Gold Mining
21:52 Horse Collar
23:42 Wheelbarrow
24:26 Chain Barding Armor
26:53 Bow Saw
26:46 Heavy Plow
33:37 Hand Cart
33:27 Town Patrol
34:47 Stone Mining
42:33 Fletching
42:44 Padded Archer Armor
43:22 Bodkin Arrow
46:43 Imperial Age
45:31 Leather Archer Armor
45:25 Light Cavalry
46:16 Corvinian Army
49:14 Plate Barding Armor
Husánia
12:39 Feudal Age
13:23 Horse Collar
13:36 Man-at-Arms
14:21 Man-at-Arms
15:40 Arson
27:39 Double-Bit Axe
29:54 Padded Archer Armor
29:44 Fletching
37:47 Castle Age
39:20 Long Swordsman
39:24 Crossbowman
40:10 Thumb Ring
40:57 Squires
46:52 Heavy Plow
47:06 Bow Saw
Connection lost

Rejoining the realm…

Still unreachable

The connection could not be restored.

Session expired

The server has moved on; the page needs a fresh start.